[Event "Dutch Open 2022"]
[Site "Dieren"]
[Date "2022.07.29"]
[Round "4.3"]
[White "Van Baar, Esper"]
[Black "Grutter, Tim"]
[Result "1/2-1/2"]
[ECO "B22"]
[WhiteElo "2281"]
[BlackElo "2246"]
[Annotator "TA"]
[PlyCount "113"]
[EventDate "2022.07.14"]
[EventType "swiss"]
[EventCountry "NED"]
[SourceTitle "playchess.com"]
[Source "ChessBase"]
[SourceQuality "1"]
[TimeControl "40/5400+30:1800+30"]

1. e4 c5 2. Nf3 e6 3. c3 d5 4. exd5 Qxd5 5. d4 Nf6 6. Na3 Nc6 7. Be3 {[%emt 0:10:40] White wants to play Nb5.} cxd4 {[%emt 0:04:45] B22: Sicilian: 2 c3.} 8. Nb5 $1 Qd8 {[%emt 0:00:29] Against Nc7+} 9. Nbxd4 Nxd4 10. Qxd4 (10. Bxd4 {feels hotter.} Qc7 11. Be5 Qb6 12. Bd3) 10... Qxd4 11. Bxd4 Be7 12. g3 O-O 13. Bg2 Nd7 (13... Nd5 $14) 14. O-O f6 {[%emt 0:01:16] [#]} 15. Rfd1 $146 ({Predecessor:} 15. c4 e5 16. Bc3 Nc5 17. b3 Be6 18. Rfd1 Rac8 19. Rac1 b6 20. Ne1 Rfd8 21. Rxd8+ Rxd8 22. Nc2 Kf7 {½-½ (22) Frostick,C (2082)-Bretsnajdr,V (2230) Prague 2020}) 15... e5 16. Be3 Bc5 17. Bh3 {[%emt 0:00:00] aiming for Be6+.} Bxe3 18. Be6+ Kh8 19. Bxd7 Bb6 20. Bxc8 Raxc8 21. Rd7 Rc7 22. Rad1 Kg8 23. Kf1 Rxd7 24. Rxd7 $11 {[%emt 0:00:00][%mdl 4096] Endgame KRB-KRN} Rf7 25. Rd5 Rc7 26. a4 Kf7 27. a5 Bc5 28. Ke2 Be7 29. Nd2 Ke6 30. Rb5 Kd6 31. Kd3 Kc6 32. c4 Rd7+ 33. Kc2 $1 Bd8 34. Ne4 (34. b4 $11) 34... Rd4 $17 35. Rc5+ Kd7 36. Nd2 {[%emt 0:08:54] [#]} ({White should try} 36. Nc3) 36... a6 $1 37. Nb3 {[%emt 0:00:59] [#]} Be7 (37... Rd6 $1 $17 {Hoping for ...b6.} 38. f4 e4) 38. Nxd4 $15 Bxc5 {[%emt 0:00:05] KB-KN} 39. Nf5 Bxf2 {[%emt 0:02:06] White must now prevent ...g6.} 40. Nxg7 Be1 41. Kd3 Kd6 (41... Bxa5 $15 42. g4 Kc6) 42. g4 Bxa5 43. h4 Kc5 {[%emt 0:05:46] And now ...Kb4 would win.} 44. Nh5 (44. Ne6+ $1 $11 Kd6 45. Ng7) 44... Be1 $2 ({Black should play} 44... Bd8 $19 {Threatens to win with ...Kb4.} 45. Kc3 Kd6) 45. Nxf6 $11 {[%emt 0:01:40] The position is equal.} Bxh4 46. Nxh7 e4+ 47. Kxe4 Kxc4 48. g5 Bxg5 49. Nxg5 {[%emt 0:00:11] KN-KPP} Kb3 50. Kd4 b6 51. Ne6 a5 52. Nc7 Kxb2 53. Kc4 a4 54. Nb5 a3 55. Nxa3 Kxa3 56. Kb5 Ka2 57. Kxb6 {[%emt 0:01:31] Weighted Error Value: White=0.15 (very precise) /Black=0.12 (very precise)} 1/2-1/2

[Event "Dutch Open 2022"]
[Site "Dieren"]
[Date "2022.07.29"]
[Round "4.4"]
[White "Mollema, Thomas"]
[Black "Ypma, Peter"]
[Result "1/2-1/2"]
[ECO "C47"]
[WhiteElo "2235"]
[BlackElo "2346"]
[Annotator "TA"]
[PlyCount "36"]
[EventDate "2022.07.14"]
[EventType "swiss"]
[EventCountry "NED"]
[SourceTitle "playchess.com"]
[Source "ChessBase"]
[SourceQuality "1"]
[TimeControl "40/5400+30:1800+30"]

1. e4 e5 2. Nf3 Nc6 3. Nc3 Nf6 4. d4 exd4 5. Nxd4 Bb4 6. Nxc6 bxc6 7. Bd3 O-O 8. O-O d5 {[%emt 0:00:05] The position is equal.} 9. exd5 {[%emt 0:00:05] C47: Scotch Four Knights and Four Knights with 4 g3.} Bg4 10. Be2 Bxe2 11. Nxe2 {[%emt 0:00:51] [#] An even fight not without its subleties.  Weighted Error Value: White=0.00 (flawless) /Black=0.02 (flawless)} {Predecessor:} cxd5 $146 12. Bg5 Be7 13. Nd4 Qd7 14. Qd3 Rfe8 15. Rad1 Ne4 16. Bxe7 Rxe7 17. c4 Rae8 18. cxd5 Qxd5 {½-½ (45) Carlsen,M (2861)-Nakamura,H (2761) Abidjan 2019} 1/2-1/2

[Event "Dutch Open 2022"]
[Site "Dieren"]
[Date "2022.07.29"]
[Round "4.5"]
[White "Domalchuk-Jonasson, Aleksandr"]
[Black "Baselmans, Sam"]
[Result "1/2-1/2"]
[ECO "D31"]
[WhiteElo "2244"]
[BlackElo "2182"]
[Annotator "TA"]
[PlyCount "28"]
[EventDate "2022.07.14"]
[EventType "swiss"]
[EventCountry "NED"]
[SourceTitle "playchess.com"]
[Source "ChessBase"]
[SourceQuality "1"]
[TimeControl "40/5400+30:1800+30"]

1. d4 d5 2. Nf3 e6 3. c4 a6 4. cxd5 exd5 5. Nc3 h6 6. Bf4 {[%emt 0:02:24] D31: Queen's Gambit Declined: Semi-Slav without ...Nf6 (+ Marshall Gambit and Noteboom) and Exchange Variation lines without ...Nf6.} Nf6 7. e3 Bd6 8. Bd3 {[%emt 0:03:08] White has an edge.} O-O 9. O-O Bxf4 {[%emt 0:02:56] The position is equal.} 10. exf4 Bg4 11. Be2 Bxf3 12. Bxf3 Nc6 13. Re1 {[%emt 0:07:07] [#]} Qd7 $146 ({Predecessor:} 13... Qd6 14. Qd2 Rad8 15. Rad1 Na7 16. Re5 c6 17. Rde1 Nb5 18. Na4 Nd7 19. Re7 Nc7 {0-1 (47) Injac,T (2284)-Vallejo Pons,F (2704) Valencia 2019}) 14. Qd2 Rfe8 {[%emt 0:02:13] Not much happened in this game.  Weighted Error Value: White=0.08 (flawless) /Black=0.04 (flawless)} 1/2-1/2

[Event "Dutch Open 2022"]
[Site "Dieren"]
[Date "2022.07.29"]
[Round "4.6"]
[White "Binnendijk, Ferdinand"]
[Black "Sekar, B."]
[Result "0-1"]
[ECO "A29"]
[WhiteElo "2147"]
[BlackElo "2241"]
[Annotator "TA"]
[PlyCount "126"]
[EventDate "2022.07.14"]
[EventType "swiss"]
[EventCountry "NED"]
[SourceTitle "playchess.com"]
[Source "ChessBase"]
[SourceQuality "1"]
[TimeControl "40/5400+30:1800+30"]

1. c4 Nf6 2. Nc3 e5 3. g3 d5 4. cxd5 Nxd5 5. Bg2 Nb6 6. Nf3 Nc6 7. d3 Be7 8. a3 O-O 9. O-O Re8 10. b4 Bf8 11. Bb2 a5 12. b5 Nd4 13. Re1 {[%emt 0:13:37] A29: English Opening: Four Knights Variation with 4 g3.} a4 $1 14. e3 Nb3 15. Rb1 {[%emt 0:00:47] Black is slightly better.} Bf5 {[%emt 0:05:59] [#]} 16. e4 $146 ({Predecessor:} 16. Bf1 Nc5 17. e4 Bg4 18. h3 Bxf3 19. Qxf3 Nb3 20. Red1 Bc5 21. Ne2 Qd6 22. d4 exd4 {1-0 (64) Rahman,Z (2360)-Abdelnabbi,I (2395) Manila 1992}) 16... Bg4 17. Ne2 {[%emt 0:07:08] Inhibits Nd4.} (17. Nxa4 $1 $15 Nxa4 18. Qxb3) 17... Qf6 $17 {[%emt 0:06:39] Black is more active.} 18. Nxe5 (18. Nc1 $17) 18... Bxe2 $2 (18... Rxe5 $19 19. f3 Bxf3 $1 20. Bxf3 Qxf3 $1 21. Bxe5 Rd8) 19. Qxe2 {[%emt 0:04:37][%cal Oe5d7] [#]} Bxa3 $1 20. Ng4 (20. Nd7 Qe7) 20... Qe7 21. Bxa3 Qxa3 22. e5 (22. Ne3 $15) 22... Rab8 (22... Qc5 $17 {...Nd5 is the strong threat.} 23. Bxb7 Rad8) 23. Be4 $132 {[%emt 0:08:16][%cal Og4f6][%mdl 2048] Against Nd5. White has counterplay} Nd7 {[%emt 0:06:51] [#] Inhibits Nf6+.} (23... Qf8 $11) 24. Bd5 (24. Nh6+ $1 $14 gxh6 25. Qg4+ Kf8 26. Qxd7) 24... Nd4 {[%emt 0:09:49] Pair of Knights!} 25. Nh6+ Kf8 $1 26. Qg4 {[%emt 0:01:54] [#]} Ne6 {[%emt 0:00:37][%mdl 8192] [#]} (26... Qc5 $1 $11 {and Black has nothing to worry.} 27. Qxd7 Re7) 27. Nxf7 $1 Qe7 $16 {[%emt 0:01:36] [#]} 28. Re3 $2 Kxf7 $15 29. f4 $2 (29. Rc1 $15 Ndf8 30. Qxa4) 29... Kg8 $2 ({Black should play} 29... Qc5 $1 $19 30. Qf3 Kf8 31. Bxe6 Rxe6) 30. f5 $1 $14 {[%emt 0:01:45][%csl LRa4,LRe6][%cal Rd5e6][%mdl 64] Pin} Qc5 (30... Ndf8 $14) 31. Bxe6+ {[%emt 0:00:12] [#]} (31. Qe4 $1 $16) 31... Rxe6 $1 $11 {[%emt 0:00:03] The board is on fire.} 32. d4 Qc2 33. Rbe1 (33. Rf1 $1 $11 Re7 34. f6) 33... Rh6 $19 34. R3e2 Qc4 35. f6 {[%emt 0:00:59] [#]} Nxf6 $1 36. exf6 Rxf6 37. Re8+ (37. Re7 $142 Rf7 38. Re8+ Rxe8 39. Rxe8+ Rf8 40. Rxf8+ Kxf8 41. Qf5+ Ke8 42. Qe5+ Kf8 43. Qf5+ Kg8 44. Qc8+ Kf7 45. Qf5+ Kg8 46. Qc8+ Kf7 47. Qf5+ Kg8) 37... Rxe8 38. Rxe8+ Rf8 $1 39. Rxf8+ Kxf8 {[%emt 0:00:01][%mdl 4096] Endgame KQ-KQ} 40. Qf5+ Ke7 (40... Ke8 $1 $19 41. Qe5+ Kd8 42. Qxg7 Qc1+ 43. Kf2 Qd2+ 44. Kf3 Qd3+ 45. Kf4 Qg6 46. Qf8+ Kd7) 41. Qg5+ $17 Ke8 $1 42. Qxg7 Qxb5 ({Reject} 42... a3 $6 43. Qe5+ Kd8 44. Qf6+ Ke8 45. Qe5+ Kf7 46. Qf5+ Kg8 47. Qg5+ Kf8 48. Qf6+ Ke8 49. Qe5+ $11) (42... b6 $1 $17 {And now ...h5 would win.} 43. Qh8+ Kd7 44. Qxh7+ Kc8 45. Qf5+ Kb8) 43. Qg8+ $11 Kd7 44. Qxh7+ Kd8 45. Qh4+ $1 Ke8 46. Qh8+ Kf7 47. Qh7+ Kf6 48. Qxc7 Ke6 49. Qc8+ Kd6 50. Qd8+ Kc6 51. Qf6+ Kc7 52. h4 Qb3 {[%emt 0:02:15] White must now prevent ...a3.} 53. Qe5+ $2 (53. Qg5 $11 {and White is okay.}) 53... Kb6 $1 $19 54. Qd6+ {[%emt 0:03:59] [#]} (54. d5 a3 55. Qf6+ Kb5 56. d6 Qxg3+ 57. Kf1 Qd3+ 58. Ke1) 54... Ka7 $1 55. Qc5+ {[%emt 0:00:11] [#]} Ka6 $1 56. Qd6+ b6 {[%emt 0:00:06] Hoping for ...a3.} 57. Qb8 a3 58. Qa8+ Kb5 59. Qe8+ Ka5 {[%emt 0:01:41] ( -> ...a2)} 60. Qa8+ Kb4 {[%emt 0:00:08] Black mates.} 61. Qf8+ Kc3 62. Qf3+ Kb2 63. Qe2+ Qc2 {[%emt 0:02:22] What a fight!  Weighted Error Value: White=0.74/Black=0.25 (precise)} 0-1

[Event "Dutch Open 2022"]
[Site "Dieren"]
[Date "2022.07.29"]
[Round "4.7"]
[White "Burdalev, Kirill"]
[Black "Bus, Tom"]
[Result "1-0"]
[ECO "A47"]
[WhiteElo "2381"]
[BlackElo "2102"]
[Annotator "TA"]
[PlyCount "59"]
[EventDate "2022.07.14"]
[EventType "swiss"]
[EventCountry "NED"]
[SourceTitle "playchess.com"]
[Source "ChessBase"]
[SourceQuality "1"]
[TimeControl "40/5400+30:1800+30"]

1. d4 Nf6 2. Nf3 e6 3. Bf4 b6 4. e3 Bb7 5. Bd3 Be7 6. h3 c5 {[%emt 0:00:47] is now more promising than 6...0-0.} 7. O-O {[%emt 0:00:20] A47: 1 d4 Nf6 2 Nf3 b6: Torre, London and Colle Systems.} O-O 8. a4 cxd4 9. exd4 {[%emt 0:00:11] White has an edge.} a6 10. Nbd2 d6 11. Bh2 Nbd7 12. Re1 Re8 13. a5 b5 14. c4 bxc4 15. Nxc4 Qb8 {[%emt 0:00:55] [#]} 16. Rc1 $146 ({Predecessor:} 16. Nfd2 Bd5 17. Bf1 Ra7 18. Re3 Rb7 19. b3 Rd8 20. Rc1 Ne8 21. Rec3 Bf6 22. Ne3 Bxd4 23. Nxd5 exd5 {1-0 (61) Kamsky,G (2674)-Martinez Alcantara,J (2620) Chess.com INT 2020}) 16... Bd5 17. Nfd2 Qb4 18. Rc3 Qb7 (18... g6 $11) 19. Bf1 Reb8 20. Qc2 Bf8 21. Ra1 ({Much weaker is} 21. Bxd6 Bxc4 22. Nxc4 Bxd6 23. Nxd6 Qb4 $15) 21... g6 22. Rc1 Qa7 (22... Ne8 $1 $11 {keeps the balance.}) 23. Nxd6 $16 Qxd4 {[%emt 0:01:40] [#]} 24. N2c4 $1 Rb4 25. Rd1 Qa7 26. Ne3 {[%emt 0:02:34] Hoping for Rc7. White is more active.} Rab8 (26... Rd8 $16 {was called for.}) 27. Nc8 $18 Rxc8 (27... Qa8 {is tougher.} 28. Bxb8 Rxb8) 28. Rxc8 {[%emt 0:00:03] White is clearly winning.} Bb3 (28... Qb7 $142 29. Rc7 Qa8) 29. Qc3 {[%emt 0:01:20] [#] And now Qxb4 would win.} Bxd1 30. Qxb4 {[%emt 0:00:21] Weighted Error Value: White=0.07 (flawless) /Black=0.31} ({Weaker is} 30. Nxd1 Nd5 31. Qc1 Kg7 $16) 1-0

[Event "Dutch Open 2022"]
[Site "Dieren"]
[Date "2022.07.29"]
[Round "4.8"]
[White "Vos, Tjark"]
[Black "Gilmanov, Mansur"]
[Result "0-1"]
[ECO "B15"]
[WhiteElo "2224"]
[BlackElo "2377"]
[Annotator "TA"]
[PlyCount "60"]
[EventDate "2022.07.14"]
[EventType "swiss"]
[EventCountry "NED"]
[SourceTitle "playchess.com"]
[Source "ChessBase"]
[SourceQuality "1"]
[TimeControl "40/5400+30:1800+30"]

1. e4 c6 2. d4 d5 3. Nc3 dxe4 4. Nxe4 Nf6 5. Nxf6+ exf6 6. c3 Bd6 7. Bd3 Na6 {[%emt 0:00:03][%cal Bb8a6,Ba6c7,Bc7d5][%mdl 32] B15: Caro-Kann: 3 Nc3: 3...g6 and 3...dxe4 4 Nxe4 Nf6 5 Nxf6+ exf6.} 8. Qc2 Nc7 9. Ne2 h5 {[%emt 0:00:23] White is slightly better.} 10. Bd2 Nd5 11. O-O-O ({Better is} 11. O-O $14) 11... Kf8 12. Kb1 {[%emt 0:03:58] [#]} (12. c4 $5 Nb4 13. Bxb4 Bxb4 14. Kb1 $11) 12... g6 $146 ({Predecessor:} 12... b5 13. Ng3 Be6 14. Ne4 g6 15. h3 Kg7 16. g4 Nf4 17. f3 Qc7 18. Nxd6 Qxd6 {½-½ (44) Zhugin,N (2117)-Aleksandrov,D (2125) Anapa 2022}) 13. c4 Nb4 14. Bxb4 Bxb4 15. c5 Ba5 16. Qb3 (16. f4 $14) 16... Kg7 $15 17. Bc4 (17. Qc2 $15) 17... Re8 $17 18. Nc3 b5 19. cxb6 axb6 20. d5 {[%emt 0:09:46] [#]} (20. Bxf7 $17 Bf5+ 21. Ka1) 20... b5 $1 $19 21. Bf1 Bxc3 22. Qxc3 Bf5+ ({Weaker is} 22... cxd5 23. Bxb5 Bf5+ 24. Ka1 $19) 23. Ka1 Re5 ({Not} 23... cxd5 24. Bxb5 Rc8 25. Qb4 $17) 24. d6 Be6 25. a3 (25. b3) 25... Qb6 {[%emt 0:02:54] aiming for ...b4.} 26. Kb1 Qxf2 {[%emt 0:01:40] ...Rc5 is the strong threat.} 27. Bd3 Qxg2 28. Bc2 Rd8 {[%emt 0:06:40][%cal Od8d6] Hoping for ...Rxd6!} 29. h4 {[%emt 0:01:41] [#]} (29. Qg3 $142 Qxg3 30. hxg3) 29... Rxd6 $3 30. Rdg1 (30. Rc1 Re2) 30... Qd5 {[%emt 0:00:41] Weighted Error Value: White=0.54/Black=0.25 (precise)} 0-1

[Event "Dutch Open 2022"]
[Site "Dieren"]
[Date "2022.07.29"]
[Round "4.9"]
[White "Albers, Sasa"]
[Black "Stillger, Bernhard"]
[Result "0-1"]
[ECO "C42"]
[WhiteElo "2203"]
[BlackElo "2245"]
[Annotator "TA"]
[PlyCount "80"]
[EventDate "2022.07.14"]
[EventType "swiss"]
[EventCountry "NED"]
[SourceTitle "playchess.com"]
[Source "ChessBase"]
[SourceQuality "1"]
[TimeControl "40/5400+30:1800+30"]

1. e4 e5 2. Nf3 Nf6 3. Nxe5 d6 4. Nf3 Nxe4 5. Nc3 Nxc3 6. dxc3 Be7 7. Be3 O-O 8. Bd3 {[%emt 0:01:41] C42: Petroff Defence: 3 Nxe5 and unusual White 3rd moves.} Nd7 9. Qd2 {[%emt 0:00:37] 9.Qe2 is more advanced technology.} Nf6 10. O-O-O {[%emt 0:11:04] The position is equal.} c5 11. Kb1 b5 12. h4 {[%emt 0:10:39][%cal Bh2h4,Bh4h5,Bh5h6][%mdl 32] [#]} d5 $146 ({Predecessor:} 12... Bg4 13. Rdg1 Rb8 14. Ng5 c4 15. Bf1 d5 16. f3 Bd7 17. g4 b4 18. Bd4 Qa5 {0-1 (49) Zuse,P (2215)-Sipos,I (2476) Baden 2019}) 13. h5 c4 14. Be2 Be6 (14... h6 $14) 15. Ng5 (15. Nd4 $5 ) 15... Ne4 16. Nxe4 dxe4 17. Qc1 Qc7 18. h6 {[%emt 0:08:18] [#] aiming for hxg7.} g6 19. Bg5 f6 20. Bf4 Qb6 (20... Qc6 $11) 21. Be3 (21. f3 $1 $14) 21... Qb7 22. Bd4 b4 (22... Bd5 $11) 23. cxb4 $16 Bxb4 24. Qe3 Rab8 25. f3 Bc5 26. Qc1 (26. Qxe4 $16 Qxe4 27. fxe4 Bxd4 28. Rxd4) 26... Ba3 27. Ka1 c3 28. Bxc3 (28. bxa3 Qd5) 28... Rfc8 (28... Qc6 $16 {was called for.}) 29. Bxf6 $18 Bf8 (29... exf3 $142 30. gxf3 (30. Bxf3 Qa6 $16) 30... Qf7) 30. b3 a5 31. Qb2 $2 (31. Bb2 $18 {is more deadly.} a4 32. c4 (32. bxa4 Bc4 $16)) 31... a4 $16 32. Rb1 $2 (32. Bg7 $16 {Strongly threatening Bxf8.} Bxg7 33. hxg7 (33. Qxg7+ Qxg7+ 34. hxg7 Rxc2 $19) 33... Qxg7 34. Qxg7+ (34. fxe4 Rxc2 35. Qxg7+ Kxg7 $17) 34... Kxg7 35. Kb2 (35. bxa4 $2 Rxc2 36. Bb5 Rxa2+ 37. Kb1 Rxa4 $19)) 32... Qf7 $15 {[%emt 0:00:26] And now ...axb3 would win.} 33. Bg7 {[%emt 0:00:50] [#]} (33. fxe4 axb3 34. Be5 (34. cxb3 $2 Rxb3 35. Qd4 Ra8 $19) 34... Rxc2 35. Bxb8 Rxb2 36. Rxb2 Ba3 37. Rxb3 Bxb3 38. axb3 Qf6+ 39. e5 Qf2 40. Bc4+ Kh8 $19) ({White should try} 33. Rbc1 $15 Ra8 34. Bg5 (34. fxe4 $2 axb3 35. cxb3 Rxc1+ 36. Qxc1 Bxb3 $19)) 33... axb3 $1 $17 ({Don't take} 33... a3 34. Qe5 $14) 34. cxb3 (34. Bxf8 bxa2 35. Qxb8 axb1=Q+ 36. Qxb1 Qa7+ 37. Kb2 Rb8+ 38. Kc3 Qe3+ 39. Bd3 Rc8+) 34... Rxb3 {[%emt 0:01:00] Chess con chili.} ({Don't do} 34... exf3 35. Bxf3 Bxb3 36. Bxf8 Qxf8 37. Qd4 $16 (37. axb3 Ra8+ 38. Bxa8 Rxa8+ 39. Qa2 Rxa2+ 40. Kxa2 Qa8+ 41. Kb2 Qxg2+ 42. Ka3 Qc6 $11)) 35. axb3 {[%emt 0:00:47][%mdl 8192] Now White is beyond hope.} (35. Qf6 $17 Ra3 36. Qxf7+ Bxf7 37. Rb2) 35... Ra8+ $19 {[%emt 0:00:18] Black is clearly winning.} 36. Qa2 Rxa2+ 37. Kxa2 Qa7+ 38. Kb2 Ba3+ 39. Kc2 Qe3 40. Rhe1 Bb4 {[%emt 0:00:24] Weighted Error Value: White=0.72/Black=0.29 (precise)} 0-1

[Event "Dutch Open 2022"]
[Site "Dieren"]
[Date "2022.07.29"]
[Round "4.10"]
[White "Manukonda Arun"]
[Black "Zwirs, Jasper"]
[Result "1-0"]
[ECO "D47"]
[WhiteElo "2021"]
[BlackElo "2105"]
[Annotator "TA"]
[PlyCount "101"]
[EventDate "2022.07.14"]
[EventType "swiss"]
[EventCountry "NED"]
[SourceTitle "playchess.com"]
[Source "ChessBase"]
[SourceQuality "1"]
[TimeControl "40/5400+30:1800+30"]

1. d4 d5 2. c4 e6 3. Nc3 Nf6 4. Nf3 c6 5. e3 Nbd7 6. Bd3 dxc4 7. Bxc4 b5 8. Be2 a6 9. O-O c5 {[%emt 0:01:26] D47: Semi-Slav: Meran System.} 10. d5 e5 {[%emt 0:20:31] [#]} 11. e4 $146 ({White should try} 11. Qc2 $14) ({Predecessor:} 11. Qc2 Bd6 12. e4 O-O 13. a4 b4 14. Nb1 a5 15. Nbd2 Nb6 16. b3 Bg4 17. Re1 {½-½ (52) Akkozov,B (2353)-Malakhatko,V (2514) Almaty 2016}) 11... Bd6 (11... b4 $11) 12. Bg5 (12. Nd2 $14) 12... h6 $11 13. Bh4 g5 14. Bg3 b4 15. Na4 {[%emt 0:02:43][%cal Bc3a4,Ba4b6,Bb6c4][%mdl 32] Nd2 is the strong threat.} Nxe4 16. Bd3 Nxg3 17. fxg3 {[%emt 0:00:54] Strongly threatening Nd2.} Bb7 (17... e4 $11 {remains equal.} 18. Bxe4 a5) 18. Nd2 $1 $16 {[%emt 0:12:19][%mdl 1024] White has strong compensation.} Qe7 19. Bf5 $2 (19. Ne4 $16) 19... Nf6 (19... Bxd5 $11 {keeps the balance.} 20. Be4 (20. Ne4 Bxe4 21. Bxe4 Rd8 $11) 20... Qe6) 20. Nb6 {[%emt 0:01:23] Pair of Knights! White leaves nothing to chance now.} Rd8 21. Ne4 Nxe4 22. Bxe4 h5 {[%emt 0:00:35] [#]} ({Better is} 22... O-O) 23. Qa4+ $1 Kf8 24. Nc4 {[%emt 0:00:26] 0x0.00144d629a69dp-1022s more active pieces.} Bc8 (24... Rh6 $16 {was worth a try.}) 25. Bg6 $1 $18 f6 {[%emt 0:00:16] [#]} 26. Rxf6+ $3 Qxf6 27. Rf1 Qxf1+ 28. Kxf1 {[%emt 0:00:02] Dancing on a razor blade.} Kg7 (28... Ke7 $142 29. Qc6 h4) 29. Be4 Rhf8+ 30. Ke1 {[%emt 0:00:17] aiming for Qc6.} Rf6 31. Qd1 Bg4 (31... Be7 32. Qd2 (32. Qxh5 Rh6 $16) (32. Nxe5 g4 $16) 32... Rh6) 32. Qc1 Rg6 (32... Kh6 $142 33. h4 Kg7 34. hxg5 Rf7 35. Nxd6 Rxd6 36. Qxc5 Rfd7 37. Qxb4 Kg8) 33. Bxg6 Kxg6 34. Nxd6 Rxd6 35. Qxc5 {[%emt 0:00:04][%mdl 4096] Endgame KQ-KRB} Rd7 36. d6 Kf6 37. h3 Bf5 38. Qxb4 g4 39. Qd2 gxh3 40. gxh3 Bg6 41. Qb4 e4 42. Ke2 Bf5 43. Ke3 Bxh3 44. Kxe4 Be6 45. Qd4+ Kf7 46. b3 Rb7 47. Qf2+ Ke8 48. Ke5 Kd7 49. a4 {[%emt 0:00:00] White mates.} Bxb3 50. Qf5+ Kd8 51. Qf3 {[%emt 0:00:00] Weighted Error Value: White=0.26 (precise) /Black=0.45} 1-0

[Event "Dutch Open 2022"]
[Site "Dieren"]
[Date "2022.07.29"]
[Round "4.11"]
[White "Maatman, Nick"]
[Black "Shakhverdian, William"]
[Result "1-0"]
[ECO "D31"]
[WhiteElo "2368"]
[BlackElo "2040"]
[Annotator "TA"]
[PlyCount "55"]
[EventDate "2022.07.14"]
[EventType "swiss"]
[EventCountry "NED"]
[SourceTitle "playchess.com"]
[Source "ChessBase"]
[SourceQuality "1"]
[TimeControl "40/5400+30:1800+30"]

1. d4 d5 2. c4 e6 3. Nc3 a6 4. cxd5 exd5 5. Qb3 Nf6 6. Bg5 {[%emt 0:00:30] D31: Queen's Gambit Declined: Semi-Slav without ...Nf6 (+ Marshall Gambit and Noteboom) and Exchange Variation lines without ...Nf6.} c6 7. e4 dxe4 8. Bc4 {[%emt 0:00:04] White is slightly better.} Qe7 9. a4 Be6 (9... h6 $11 {keeps the balance.} 10. Bd2 c5 11. dxc5 Nc6) 10. Bxe6 $16 fxe6 11. Nge2 {[%emt 0:00:28] White is more active.} h6 $2 {[%emt 0:02:55] [#]} (11... a5 $16) 12. Nf4 $146 (12. Bxf6 $18 {is the precise move to win.} gxf6 13. Nf4 (13. Nxe4 Qb4+ 14. Qc3 Nd7 $14)) ({Predecessor:} 12. Bxf6 gxf6 13. O-O f5 14. Nf4 Kf7 15. Nxe6 Qxe6 16. Qxb7+ Nd7 17. Qxa8 Bg7 18. Qxa6 Bxd4 {1-0 (36) Simek,P (2324)-Malinovsky,P (2081) Plzen 2020}) 12... Rh7 $2 (12... hxg5 $16 13. Ng6 Qb4 14. Qxe6+ (14. Qxb4 Bxb4 15. Nxh8 Nbd7 $11) 14... Kd8 15. Nxh8 Qxb2) 13. Bxf6 $18 gxf6 14. O-O f5 15. Nxe6 Qb4 16. Qd1 {[%emt 0:01:12] Hoping for Qh5+.} Qd6 17. Qh5+ Rf7 18. d5 {[%emt 0:00:08] Threatens to win with f3.} (18. Qg6 Ke7 19. Nxf8 Rxf8 20. Qh7+ Rf7 $16) 18... Nd7 19. Rad1 {[%emt 0:02:03] Strongly threatening f3.} ({And not} 19. Qg6 Ne5 20. Qh5 Rc8 $11) 19... Nc5 (19... Rc8 {was necessary.} 20. f3 cxd5) 20. Nxc5 ({Not} 20. Qg6 Ke7 $18) 20... Qxc5 {[%emt 0:00:08] [#]} 21. dxc6 (21. Rfe1 $1 $18 Qe7 22. dxc6 bxc6 23. g4) 21... bxc6 $2 (21... Qxc6 $16 {keeps fighting.} 22. Rd5 Qf6) 22. Qg6 {[%emt 0:21:32][%cal Oa4a5] And now a5! would win.} Ke7 23. Rfe1 {[%emt 0:07:49][%cal Oc3e4] Nxe4! would kill now.} Ke8 $2 {[%emt 0:04:34] [#]} (23... Rg7 $18 24. Nxe4 Rxg6 25. Nxc5+ Kf7) 24. a5 (24. Nxe4 $142 $1 fxe4 25. Rxe4+ Be7 26. Rf4 Bf6 27. Rxf6 Raa7 28. Re1+ Rae7 29. Qg8+ Kd7 30. Rxf7) 24... Raa7 25. Na4 Qb5 26. Nb6 {[%emt 0:04:52] White threatens Qe6+ and mate.} Rac7 27. Nc8 Qxa5 (27... Qe5 $18) 28. Qe6+ {[%emt 0:00:42] Black did not feel at home in the position after the opening.  Weighted Error Value: White=0.71/Black=1.17} 1-0